 Dungeon Crawl Stone Soup version 0.13-a0-2116-g5cefd36 (webtiles) character file.

1430 Kae the Ruinous (level 8, -1/41 HPs)
             Began as a Tengu Fire Elementalist on June 27, 2013.
             Slain by an orc (4 damage)
             ... on Level 5 of the Dungeon.
             The game lasted 00:15:35 (6453 turns).

Kae the Ruinous (Tengu Fire Elementalist)           Turns: 6453, Time: 00:15:36

HP  -1/41        AC  0     Str 10      XL: 8   Next: 29%
MP   8/19        EV 12     Int 21      God:
Gold 350         SH  0     Dex 14      Spells:  2 memorised, 11 levels left

Res.Fire  : . . .   See Invis. : .   e - +0 dagger
Res.Cold  : . . .   Warding    : .   a - -2 robe
Life Prot.: . . .   Conserve   : .   (no shield)
Res.Poison: .       Res.Corr.  : .   (helmet restricted)
Res.Elec. : .       Clarity    : .   x - -1 cloak
Sust.Abil.: . .     Spirit.Shd : .   M - -1 pair of gloves
Res.Mut.  : .       Stasis     : .   (boots unavailable)
Res.Rott. : .       Flight     : .   (no amulet)
Saprovore : . . .                    y - ring of hunger
                                     j - +4 ring of intelligence

@: slightly resistant to hostile enchantments, fairly stealthy
A: able to fly, beak, talons 3
a: Fly


You were on level 5 of the Dungeon.
You were not hungry.

You visited 1 branch of the dungeon, and saw 6 of its levels.
You also visited: Sewer.

You collected 330 gold pieces.

Inventory:

Hand weapons
 e - a +0,+0 dagger (weapon)
 n - a +0,+1 orcish dagger (quivered)
Armour
 a - a -2 robe (worn)
 x - a -1 cloak (worn)
 M - a -1 pair of gloves (worn)
Magical devices
 f - a wand of cold (0)
 v - a wand of disintegration (9) {unknown}
 A - a wand of confusion (16) {unknown}
 B - a wand of draining (8) {unknown}
 C - a wand of cold (4)
Comestibles
 c - 3 bread rations
 d - 2 pears
 g - a meat ration
 q - an apple
 D - a choko
 H - a chunk of bat flesh
 L - 2 rotting chunks of worker ant flesh
Scrolls
 i - 6 scrolls of remove curse
 l - 4 scrolls of teleportation
 o - a scroll of amnesia {unknown}
 r - 3 scrolls of curse armour {unknown}
 s - 4 scrolls of identify {unknown}
 t - a scroll of curse jewellery {unknown}
 w - a scroll of noise {unknown}
 I - a scroll of enchant weapon I {unknown}
 K - a scroll of recharging {unknown}
Jewellery
 j - a +4 ring of intelligence (left hand)
 y - a ring of hunger (right hand)
 E - an uncursed ring of ice {unknown}
 F - a +4,+7 ring of slaying {unknown}
Potions
 h - 4 potions of curing
 k - 2 potions of mutation {unknown}
 m - 5 potions of agility {unknown}
 p - 2 potions of restore abilities {unknown}
 z - a potion of speed {unknown}
 G - 4 potions of flight
 J - a potion of confusion {unknown}
Books
 b - a book of Flames

   Spells                             Type                      Level
   *Flame Tongue                      Conjuration/Fire             1
   *Throw Flame                       Conjuration/Fire             2
   Conjure Flame                      Conjuration/Fire             3
   Inner Flame                        Hexes/Fire                   3
   Sticky Flame                       Conjuration/Fire             4
   Fireball                           Conjuration/Fire             5
 u - a book of the Dragon

   Spells                             Type                      Level
   Flight                             Charms/Air                   3
   Cause Fear                         Hexes                        4
   Bolt of Fire                       Conjuration/Fire             6
   Dragon Form                        Fire/Transmutation           7
   Summon Dragon                      Summoning                    9


   Skills:
 - Level 2.1 Dodging
 - Level 2.0 Stealth
 + Level 3.7 Spellcasting
 * Level 7.7 Conjurations
 * Level 7.3 Fire Magic


You had 11 spell levels left.
You knew the following spells:

 Your Spells              Type           Power        Failure   Level  Hunger
a - Flame Tongue          Conj/Fire      #####        1%          1    None
b - Throw Flame           Conj/Fire      #####.       1%          2    #......


Dungeon Overview and Level Annotations

Branches:
Dungeon (6/27)
 Temple: D:4-7          Orc: D:6-11

Altars:
Cheibriados
Trog
Xom

Shops:
D:4: [

Annotations
D:5 exclusion: crimson imp


Innate Abilities, Weirdness & Mutations

You can fly.
You have a beak for a mouth.
You have claws for feet.


Message History

The jelly hits you.
You are splashed with acid!
The acid corrodes your -1 pair of gloves!
The acid corrodes your -1 robe!
The acid burns!
The orc closely misses you. The orc hits you.
You climb upwards.
Level annotation: exclusion: crimson imp
There is a stone staircase leading down here.
Casting: Flame Tongue
Confirm with . or Enter, or press ? or * to list all spells.
Aiming: Flame Tongue
Press: ? - help, Shift-Dir - straight line, f - orc
Aim: an orc, wielding an orcish hand axe The flame hits the orc.
The orc is almost dead.
The jelly hits you!
* * * LOW HITPOINT WARNING * * *
You are splashed with acid!
The acid corrodes your -2 robe!
The acid burns!
* * * LOW HITPOINT WARNING * * *
The orc hits you.
You die...

##.###.###.##.# #.#
#........# #.#
#####.########## ##'##
#.#........# ##...##
#)#.######.# ##.....##
#.#.#### #.# ##.......##
#......# #.#
###.........####.o.#.# #(#
..'.........'...@....# #.#
###.........##..Jo.#.###.#
##.......###...........#
#####.....## #.......#####
#...##...## #.....###
.....##+## #.....#
......#.# ###.###
.###....# #.# ........##
#.#


You could see a jelly and 2 orcs.

Vanquished Creatures
  2 phantoms (D:5)
  A centaur skeleton (D:5)
  A wight (D:5)
  4 crimson imps (D:5)
  An iguana (D:4)
  An orc priest (D:3)
  A hound (D:3)
  2 scorpions (D:5)
  A siren (Sewer)
  2 orc wizards (D:5)
  2 mermaids (Sewer)
  5 worker ants
  A jelly (D:5)
  7 adders
  A green rat (Sewer)
  7 giant mites
  3 worms
  9 grey rats (Sewer)
  5 giant geckos
  A giant mite zombie (D:5)
  2 gnoll skeletons (D:5)
  An ooze (D:1)
  14 orcs
  6 ball pythons
  17 goblins
  12 hobgoblins
  8 jackals
  7 bats
  6 giant cockroaches
  7 giant newts
  A goblin skeleton (D:4)
  13 kobolds
  A quokka (D:5)
  32 rats
184 creatures vanquished.

Vanquished Creatures (others)
  A kobold (D:2)
  A rat (D:1)
2 creatures vanquished.

Grand Total: 186 creatures vanquished

Notes
Turn   | Place    | Note
--------------------------------------------------------------
     0 | D:1      | Kae, the Tengu Fire Elementalist, began the quest for the Orb.
     0 | D:1      | Reached XP level 1. HP: 10/10 MP: 3/3
   170 | D:1      | Reached XP level 2. HP: 13/15 MP: 1/5
   350 | D:1      | Learned a level 2 spell: Throw Flame
   676 | D:1      | Reached XP level 3. HP: 19/19 MP: 2/7
  1207 | D:2      | Found a bloodstained altar of Trog.
  1255 | D:2      | Reached skill level 4 in Fire Magic
  1734 | D:2      | Reached XP level 4. HP: 21/24 MP: 2/8
  2771 | D:3      | Reached XP level 5. HP: 28/28 MP: 3/11
  3038 | D:4      | Found Graoh Kol's Armour Boutique.
  3051 | D:4      | Reached skill level 5 in Fire Magic
  3210 | D:4      | Reached XP level 6. HP: 22/32 MP: 0/13
  3853 | D:5      | Entered Level 5 of the Dungeon
  3880 | D:5      | Reached skill level 5 in Conjurations
  4085 | D:5      | Reached skill level 6 in Fire Magic
  4085 | D:5      | Reached XP level 7. HP: 19/36 MP: 4/16
  4200 | D:5      | Found a glowing drain.
  4250 | Sewer    | Entered a sewer
  5747 | D:5      | Reached XP level 8. HP: 41/41 MP: 19/19
  5764 | D:5      | Reached skill level 7 in Conjurations
  6328 | D:5      | Found a snail-covered altar of Cheibriados.
  6329 | D:5      | Found a shimmering altar of Xom.
  6453 | D:5      | Slain by an orc

Action                   |  1- 3 |  4- 6 |  7- 9 || total
-------------------------+-------+-------+-------++-------
Melee: Dagger            |    41 |    13 |    17 ||    71
       Unarmed           |     1 |       |       ||     1
 Cast: Flame Tongue      |    64 |    96 |   145 ||   305
       Throw Flame       |     4 |    21 |    12 ||    37
 Abil: Fly               |       |       |     1 ||     1
Evoke: Wand              |       |       |     5 ||     5
  Use: Potion            |       |     1 |       ||     1
       Scroll            |       |       |     3 ||     3
